 Dungeon Crawl Stone Soup version 0.27-b1-23-g44b8eac545 (webtiles) character file.

Game seed: 10963425044148618420

19875 mhtbhm the Spear-Bearer (level 12, -28/106 HPs)
             Began as a Minotaur Fighter on July 27, 2021.
             Was a High Priest of Uskayaw.
             Annihilated by a reaper (30 damage)
             ... in an ice cave.
             The game lasted 00:18:02 (14479 turns).

mhtbhm the Spear-Bearer (Minotaur Fighter)         Turns: 14479, Time: 00:18:03

Health: -28/106    AC: 18    Str: 32    XL:     12   Next: 40%
Magic:  17/17      EV: 14    Int:  5    God:    Uskayaw [*****.]
Gold:   778        SH: 13    Dex: 10    Spells: 11/11 levels left

rFire    . . .     SeeInvis .   a - +6 shillelagh "Devastator" {shatter}
rCold    + . .     Faith    .   c - +0 kite shield
rNeg     . . .     Spirit   .   b - +2 chain mail {rC+}
rPois    .         Reflect  .   I - +2 hat
rElec    .         Harm     .   H - +0 cloak
rCorr    .         Rampage  .   P - +0 pair of gloves
Will     .....                  (no boots)
Stlth    ..........             f - amulet of regeneration
HPRegen  1.27/turn              u - +4 ring of evasion
MPRegen  0.15/turn              y - +6 ring of strength

@: no status effects
A: horns 2, retaliatory headbutt
a: Renounce Religion, Stomp, Line Pass, Grand Finale


You were in an ice cave.
You worshipped Uskayaw.
Uskayaw was aware of your devotion.
You visited 1 branch of the dungeon, and saw 12 of its levels.
You also visited: Ice Cave.

You collected 778 gold pieces.

Inventory:

Hand Weapons
 a - the +6 shillelagh "Devastator" (weapon) {shatter}
   (You found it on level 11 of the Dungeon)

   It releases a powerful concussive burst when it strikes, dealing extra damage
   to the target and all other foes adjacent to them.
Missiles
 j - 4 atropa-tipped darts (quivered)
 p - a throwing net
 A - 7 javelins
 Q - 6 boomerangs of dispersal
Armour
 b - a +2 chain mail of cold resistance (worn)
 c - a +0 kite shield (worn)
 d - the +2 pair of boots of Zounuak {rPois rF+ rC-}
   (You found it on level 10 of the Dungeon)

   rF:        It protects you from fire.
   rC:        It makes you vulnerable to cold.
   rPois:     It protects you from poison.
 H - a +0 cloak (worn)
 I - a +2 hat (worn)
 P - a +0 pair of gloves (worn)
Jewellery
 f - an amulet of regeneration (around neck)
 q - a ring of fire
 u - a +4 ring of evasion (left hand)
 y - a +6 ring of strength (right hand)
Wands
 B - a wand of flame (37)
 D - a wand of iceblast (5)
 F - a wand of polymorph (8)
 G - a wand of acid (19)
 K - a wand of charming (8)
 T - a wand of digging (9)
Scrolls
 e - 2 scrolls of amnesia
 i - 3 scrolls of enchant armour
 k - a scroll of acquirement {unknown}
 l - 3 scrolls of magic mapping
 n - a scroll of fog
 r - 3 scrolls of teleportation {unknown}
 s - 3 scrolls of immolation {unknown}
 t - a scroll of fear {unknown}
 v - 2 scrolls of noise {unknown}
 z - a scroll of brand weapon {unknown}
 C - 2 scrolls of silence {unknown}
 E - a scroll of vulnerability {unknown}
 L - 4 scrolls of identify
 N - a scroll of holy word {unknown}
 S - a scroll of summoning {unknown}
Potions
 g - a potion of berserk rage
 h - 2 potions of cancellation
 m - 7 potions of curing {unknown}
 o - 2 potions of heal wounds
 w - 3 potions of haste {unknown}
 x - 2 potions of flight {unknown}
 J - a potion of brilliance {unknown}
 O - 3 potions of resistance {unknown}
 R - a potion of mutation {unknown}
Miscellaneous
 M - a lightning rod (4/4)


   Skills:
 + Level 9.7 Fighting
 * Level 6.2 Maces & Flails
 - Level 12.3 Polearms
 + Level 10.7 Armour
 + Level 5.2 Dodging
 - Level 1.7 Stealth
 + Level 10.0 Shields
 * Level 8.6 Invocations
 + Level 2.0 Evocations


You had 11 spell levels left.
You didn't know any spells.
Your spell library contained the following spells:

 Spells                   Type           Power      Damage    Failure   Level
 Dazzling Flash           Conj/Hex       0%         N/A       100%        3
 Inner Flame              Hex/Fire       0%         N/A       100%        3
 Stone Arrow              Conj/Erth      0%         3d7       100%        3
 Animate Armour           Summ/Erth      0%         N/A       100%        4
 Cause Fear               Hex            0%         N/A       100%        4
 Petrify                  Tmut/Erth      0%         N/A       100%        4
 Agony                    Necr           0%         N/A       100%        5
 Freezing Cloud           Conj/Ice/Air   0%         6-21      100%        5
 Metabolic Englaciation   Hex/Ice        0%         N/A       100%        5
 Silence                  Hex/Air        0%         N/A       100%        5
 Simulacrum               Ice/Necr       0%         N/A       100%        6
 Statue Form              Tmut/Erth      0%         N/A       100%        6
 Discord                  Hex            0%         N/A       100%        8
 Lehudib's Crystal Spear  Conj/Erth      0%         10d2      100%        8
 Polar Vortex             Ice            0%         N/A       100%        9


Dungeon Overview and Level Annotations

Branches:
Dungeon (12/15)            Temple (0/1) D:7            Lair (0/6) D:11
    Orc (0/2) D:9           IceCv (1/1)

Altars:
Cheibriados
Fedhas
Makhleb
Nemelex Xobeh
Okawaru
Ru
Uskayaw
Xom
Jiyva


Innate Abilities, Weirdness & Mutations

You have a pair of horns on your head.
You reflexively headbutt those who attack you in melee.


Message History

Uskayaw will force your foes to share their pain.
Uskayaw links your audience in an emotional bond!
Your Maces & Flails skill increases to level 6!
Unknown command.
You hit the reaper but do no damage. You headbutt the reaper!
The reaper is moderately wounded.
You block the reaper's attack.
You sock the reaper!
The reaper and the entropy weaver simulacrum shudder.
The reaper is severely wounded.
You feel a bit more experienced.
The entropy weaver simulacrum vaporises!
The reaper is severely wounded.
The reaper hits you with a +0 scythe of freezing.
Unknown command.
You hit the reaper but do no damage. Your headbutt misses the reaper.
The reaper is severely wounded.
The reaper hits you with a +0 scythe of freezing!!
The reaper freezes you.
You hit the reaper.
The reaper shudders.
The reaper is almost dead.
Your headbutt misses the reaper.
The reaper is almost dead.
The reaper is no longer sharing its pain.
The reaper hits you with a +0 scythe of freezing!!
The reaper freezes you.
You can now merge with and destroy a victim.
You hit the reaper.
The reaper shudders.
The reaper is almost dead.
Your headbutt misses the reaper.
The reaper is almost dead.
The reaper hits you with a +0 scythe of freezing!!
* * * LOW HITPOINT WARNING * * *
The reaper freezes you.
* * * LOW HITPOINT WARNING * * *
You hit the reaper but do no damage.
The reaper is almost dead.
You block the reaper's attack.
The reaper hits you with a +0 scythe of freezing!!
You die...

#..##
##.####.####.#
##..###..#
#)..##..#
#...#..##
#.⌠.##.##
##.....#
#}.....#
#....##
##.#..##
#...##
##.##### ##..#
#.##°## ####.#
##.#2.#
##.#.##
##@#..ZZ..#
#.#.##
#.#....#$|
##.## ####Z5.#
### #Z## ##


You could see a reaper.

Vanquished Creatures
  Harold (D:7)
  A hydra (D:11)
  The ghost of ZARRMARR the Basher, a novice MiBe of Trog (D:9)
  4 two-headed ogres
  2 deep elf pyromancers (D:12)
  An ugly thing (D:11)
  2 manticores (D:11)
  2 cyclopes
  An ice statue (IceCv)
  2 gargoyles (D:11)
  3 kobold demonologists
  2 komodo dragons (D:11)
  An unseen horror (D:12)
  An anaconda simulacrum (IceCv)
  2 rime drakes (D:12)
  An efreet (D:11)
  3 entropy weaver simulacra (IceCv)
  A troll (D:10)
  3 hornets
  3 slime creatures
  A dire elephant simulacrum (IceCv)
  A wyvern (D:9)
  2 wraiths (D:12)
  2 shadows
  2 vampires
  4 death yak simulacra (IceCv)
  5 vampire mosquitoes (D:12)
  Edmund (D:6)
  2 harpy simulacra (IceCv)
  Menkaure (D:7)
  2 acid dragons
  5 ice beasts
  An orc warrior (D:11)
  3 sky beasts
  A black bear (D:6)
  A hornet zombie (D:5)
  2 ogres
  2 necrophages
  7 centaurs
  A phantom (D:5)
  A kobold brigand (D:11)
  5 two-headed ogre simulacra (IceCv)
  2 scorpions
  A cane toad simulacrum (IceCv)
  2 elephant simulacra (IceCv)
  A water moccasin skeleton (D:4)
  A howler monkey (D:5)
  5 centaur zombies
  5 orc priests
  4 hounds
  A centaur skeleton (D:5)
  A gnoll shaman (D:5)
  Crazy Yiuf (D:7)
  6 jellies
  5 iguanas
  3 orc wizards
  2 scorpion zombies (D:5)
  4 troll simulacra (IceCv)
  8 spriggan simulacra (IceCv)
  2 polar bear simulacra (IceCv)
  A killer bee zombie (D:4)
  4 hound skeletons
  2 howler monkey zombies
  4 gnolls (D:4)
  A howler monkey skeleton (D:5)
  3 naga simulacra (IceCv)
  6 adders
  2 shadow imps
  9 white imps
  4 ufetubi (IceCv)
  A worm (D:5)
  2 dart slugs
  24 orcs
  5 ball pythons
  4 endoplasms
  2 giant cockroaches (D:2)
  12 goblins
  8 hobgoblins
  2 jackals (D:1)
  10 kobolds
  4 quokkas
  8 bats
  6 frilled lizards
  8 rats
  A bush (D:10)
276 creatures vanquished.

Vanquished Creatures (others)
  An ufetubus (IceCv)
  2 fungi (D:2)
  29 plants (D:11)
32 creatures vanquished.

Grand Total: 308 creatures vanquished

Notes
Turn   | Place    | Note
-------+----------+-------------------------------------------
     0 | D:1      | mhtbhm the Minotaur Fighter began the quest for the Orb.
     0 | D:1      | Reached XP level 1. HP: 19/19 MP: 0/0
   267 | D:1      | Reached XP level 2. HP: 19/27 MP: 1/1
   869 | D:1      | Reached XP level 3. HP: 33/33 MP: 2/2
  1298 | D:2      | Reached skill level 3 in Polearms
  1570 | D:2      | Found a faded altar of an unknown god.
  1579 | D:2      | Became a worshipper of Uskayaw the Reveller
  1579 | D:2      | Reached * piety under Uskayaw
  1814 | D:3      | Reached XP level 4. HP: 40/40 MP: 3/3
  1815 | D:3      | Reached ** piety under Uskayaw
  1961 | D:3      | Found a sparkling altar of Nemelex Xobeh.
  1989 | D:3      | Reached skill level 4 in Polearms
  1992 | D:3      | Reached *** piety under Uskayaw
  1995 | D:3      | Reached **** piety under Uskayaw
  2311 | D:3      | Found a blossoming altar of Fedhas.
  2373 | D:3      | Found an iron altar of Okawaru.
  2815 | D:4      | Reached XP level 5. HP: 47/47 MP: 4/4
  2869 | D:4      | Reached skill level 1 in Stealth
  2981 | D:4      | Identified the +0 ring mail "Nallaext" {rCorr}
  3067 | D:4      | Reached skill level 5 in Armour
  3128 | D:4      | Reached XP level 6. HP: 45/53 MP: 5/5
  3145 | D:4      | Reached skill level 5 in Polearms
  3380 | D:4      | Reached skill level 5 in Shields
  3844 | D:5      | Entered Level 5 of the Dungeon
  3853 | D:5      | Reached skill level 1 in Dodging
  3853 | D:5      | Reached XP level 7. HP: 54/60 MP: 6/6
  3865 | D:5      | Reached skill level 6 in Polearms
  3986 | D:5      | Reached skill level 5 in Fighting
  4236 | D:5      | Reached skill level 1 in Invocations
  5011 | D:5      | Reached skill level 7 in Polearms
  5012 | D:5      | Reached XP level 8. HP: 23/69 MP: 0/8
  5014 | D:5      | Reached ***** piety under Uskayaw
  6116 | D:6      | Reached skill level 8 in Polearms
  6150 | D:6      | Noticed Edmund
  6158 | D:6      | Killed Edmund
  6465 | D:6      | Reached XP level 9. HP: 75/75 MP: 10/10
  6738 | D:7      | Found a staircase to the Ecumenical Temple.
  6745 | D:7      | Identified the +2 robe "Muminnon" {+Blink Dex+4}
  6749 | D:7      | Noticed Menkaure
  6754 | D:7      | Killed Menkaure
  6908 | D:7      | Noticed Harold
  6928 | D:7      | Killed Harold
  6929 | D:7      | Reached skill level 9 in Polearms
  7162 | D:7      | Found a burning altar of Makhleb.
  7489 | D:7      | Found a runed translucent door.
  7490 | D:7      | Noticed Crazy Yiuf
  7573 | D:7      | Killed Crazy Yiuf
  7625 | D:8      | Reached skill level 5 in Invocations
  7791 | D:8      | Reached skill level 10 in Polearms
  8077 | D:8      | Identified the +0 scale mail of the Four Seers {rF+}
  8213 | D:9      | Reached XP level 10. HP: 71/86 MP: 10/13
  8403 | D:9      | Found a runed translucent gate.
  8403 | D:9      | Found a runed translucent gate.
  8403 | D:9      | Found a runed translucent gate.
  8405 | D:9      | Found a viscous altar of Jiyva.
  8405 | D:9      | Noticed ZARRMARR's ghost (novice MiBe)
  8429 | D:9      | Found a staircase to the Orcish Mines.
  8792 | D:9      | Noticed a two-headed ogre
  8800 | D:9      | Killed a two-headed ogre
  9311 | D:9      | Noticed a two-headed ogre
  9320 | D:9      | Killed a two-headed ogre
  9430 | D:9      | Reached skill level 11 in Polearms
  9815 | D:9      | Killed ZARRMARR's ghost
  9816 | D:9      | Reached skill level 1 in Evocations
  9953 | D:10     | Entered Level 10 of the Dungeon
 10145 | D:10     | Identified the +2 pair of boots of Zounuak {rPois rF+ rC-}
 10238 | D:10     | Found a sacrificial altar of Ru.
 10239 | D:10     | Found a snail-covered altar of Cheibriados.
 10652 | D:11     | Reached XP level 11. HP: 59/94 MP: 10/15
 10917 | D:11     | Noticed a two-headed ogre
 10938 | D:11     | Killed a two-headed ogre
 11257 | D:11     | Found a staircase to the Lair.
 11567 | D:11     | Reached skill level 12 in Polearms
 11584 | D:11     | Noticed a four-headed hydra
 11598 | D:11     | Killed a four-headed hydra
 11709 | D:11     | Noticed a two-headed ogre
 11716 | D:11     | Killed a two-headed ogre
 11981 | D:11     | Found a shimmering altar of Xom.
 11981 | D:11     | Found a shimmering altar of Xom.
 11981 | D:11     | Found a shimmering altar of Xom.
 11982 | D:11     | Found a shimmering altar of Xom.
 11982 | D:11     | Found a shimmering altar of Xom.
 12211 | D:11     | Noticed a green ugly thing
 12231 | D:11     | Killed a green ugly thing
 12233 | D:11     | Found the +6 shillelagh "Devastator" {shatter}
 12627 | D:11     | Reached skill level 10 in Armour
 12855 | D:12     | Reached skill level 1 in Maces & Flails
 12883 | D:12     | Noticed a deep elf pyromancer
 12904 | D:12     | Killed a deep elf pyromancer
 13013 | D:12     | Reached skill level 5 in Dodging
 13095 | D:12     | Noticed a deep elf pyromancer
 13098 | D:12     | Killed a deep elf pyromancer
 13213 | D:12     | Reached XP level 12. HP: 97/105 MP: 17/17
 13323 | D:12     | Identified the +1 ring mail of Amamir {rN+ Int+2}
 13464 | D:12     | Found a frozen archway.
 13491 | IceCv    | Entered an ice cave
 14214 | IceCv    | Reached skill level 10 in Shields
 14381 | IceCv    | Reached skill level 5 in Maces & Flails
 14465 | IceCv    | Noticed a reaper
 14478 | IceCv    | HP: 2/106 [reaper (34)]
 14479 | IceCv    | Annihilated by a reaper

Illustrated notes

Levels and vault maps discovered:
D:1:      dpeg_arrival_chambers_temple_mockup, layout_loops_ring,
          ebering_dispersal_statue_hall, hangedman_decor_points
D:2:      layout_loops_ring, shapermc_ecumenical_altar_acropolis,
          minmay_misc_feat_secret_circle
D:3:      layout_loops_cross, mainiacjoe_overflow_two_lobes,
          lemuel_doored_altar, serial_park_tiny_pond
D:4:      layout_basic
D:5:      minmay_bubble_buster, layout_basic, interstate_on_off
D:6:      layout_loops_cross, uniq_edmund
D:7:      layout_rooms, mainiacjoe_overflow_surrounded_room,
          minmay_temple_entry_sparse_star, uniq_crazy_yiuf_cottage,
          uniq_menkaure, uniq_harold
D:8:      layout_basic
D:9:      layout_loops_corners, orc_0_dummy, serial_glass, glass_columns_a,
          glass_columns_a, gammafunk_ghost_ooze
D:10:     layout_roguey, mainiacjoe_overflow_divided_tiny,
          kb_lookout_dungeons_type, hangedman_abyss_or_decor_clamps
D:11:     minmay_wavy_crystal, layout_irregular_city, david_lair_shrubbed,
          xom_redecorated
D:12:     layout_roguey, portal_ice_cave_rime
IceCv:    ice_cave_caverns_01

Skill      XL: |  1  2  3  4  5  6  7  8  9 10 11 12 |
---------------+-------------------------------------+-----
Armour         | 4 5 7 8 10 | 10.7
Fighting       | 4 5 6 7 8 9 |  9.7
Shields        | 4 5 6 7 8 9 10 | 10.0
Polearms       | 3 4 5 7 8 10 11 12 | 12.3
Stealth        | 1 |  1.7
Dodging        | 1 3 4 5 |  5.2
Invocations    | 2 3 5 6 8 |  8.6
Evocations     | 1 2 |  2.0
Maces & Flails | 2 6 |  6.2

Action                   |  1- 3 |  4- 6 |  7- 9 | 10-12 || total
-------------------------+-------+-------+-------+-------++-------
Melee: Trident           |   128 |   139 |   285 |   244 ||   796
       Headbutt          |    10 |    25 |    60 |   105 ||   200
       Shillelagh        |       |       |       |   148 ||   148
Throw: Dart              |       |       |     1 |       ||     1
Invok: Stomp             |       |       |     2 |     1 ||     3
       Line Pass         |       |       |     1 |       ||     1
Evoke: Wand              |       |       |     4 |     7 ||    11
  Use: Scroll            |       |     1 |     4 |     1 ||     6
       Potion            |       |       |     5 |     1 ||     6
 Stab: Paralysed         |       |     3 |     6 |    28 ||    37
       Sleeping          |       |     1 |       |       ||     1
Armor: Scale mail        |    20 |       |       |       ||    20
       Plate armour      |    31 |    40 |       |       ||    71
       Ring mail         |       |    15 |    60 |       ||    75
       Chain mail        |       |       |    16 |   157 ||   173
Dodge: Dodged            |    25 |    26 |    95 |   138 ||   284
Block: Kite shield       |    41 |    62 |   106 |   200 ||   409
